 Dungeon Crawl Stone Soup version 0.30-a0-723-gc1506a1cf0 (webtiles) character file.

Game seed: 3087922581353605170

83598 Jackthecabe the Dancer (level 15, -33/80 HPs)
             Began as a Vine Stalker Brigand on Jan 29, 2023.
             Was a Follower of Uskayaw.
             Annihilated by a bunyip (34 damage)
             ... called by a spriggan druid
             ... on level 2 of the Swamp.
             The game lasted 00:55:58 (18545 turns).

Jackthecabe the Dancer (Vine Stalker Brigand)      Turns: 18545, Time: 00:55:58

Health: -33/80     AC: 23    Str: 15    XL:     15   Next: 77%
Magic:  0/35       EV: 19    Int: 11    God:    Uskayaw [*.....]
Gold:   156        SH:  0    Dex: 28    Spells: 14/14 levels left

rFire   + . .      SeeInvis .    B - +7 dagger (flame)
rCold   + . .      Faith    +    (no shield)
rNeg    . . .      Spirit   +    T - +3 scale mail "Huhaoxef" {rC+ Regen+ MP+9}
rPois   +          Reflect  .    A - +2 hood of the Assassin {Detect Stab+ Stlth++}
rElec   +          Harm     .    C - +1 cloak {rCorr}
rCorr   +          Rampage  .    I - +4 pair of gloves of Hedge Wizardry {-Cast rElec rPois rC+}
Will    +....      NoCast   +    y - +0 pair of boots {Fly}
Stlth   ++++++                   X - amulet of faith {!P}
HPRegen 1.93/turn                D - +6 ring of dexterity
MPRegen 0.24/turn                f - ring of fire

@: flying, studying Invocations
A: fangs 3, regeneration 1, magic shield, antimagic bite, no potion heal 2
a: Renounce Religion, Stomp


You were on level 2 of the Swamp.
You worshipped Uskayaw.
Uskayaw was pleased with you.
You visited 5 branches of the dungeon, and saw 21 of its levels.
You also visited: Gauntlet.

You collected 2267 gold pieces.
You spent 2111 gold pieces at shops.


Innate Abilities, Weirdness & Mutations

You have razor-sharp teeth.
Your natural rate of healing is unusually fast.
When hurt, damage is shared between your health and your magic reserves.
Your bite disrupts and absorbs the magic of your enemies.
Potions cannot restore your health.


   Skills:
 - Level 10.0 Fighting
 - Level 10.0 Short Blades
 - Level 1.7 Throwing
 - Level 11.0 Armour
 - Level 11.0 Dodging
 - Level 12.0 Stealth
 - Level 5.0 Shields
 + Level 14.0 Invocations
 - Level 2.0 Evocations


You had 14 spell levels left.
You didn't know any spells.
Your spell library contained the following spells:

 Spells                   Type           Power      Damage    Failure   Level
 Freeze                   Ice            0%         1d3       71%         1
 Sandblast                Erth           0%         2d4       71%         1
 Blink                    Tloc           0%         N/A       83%         2
 Passwall                 Tmut/Erth      0%         N/A       83%         2
 Dazzling Flash           Conj/Hex       0%         N/A       97%         3
 Frozen Ramparts          Ice            0%         1d1       97%         3
 Gell's Gravitas          Tloc           0%         N/A       97%         3
 Hailstorm                Conj/Ice       0%         3d3       97%         3
 Stone Arrow              Conj/Erth      0%         3d7       97%         3
 Teleport Other           Tloc           0%         N/A       97%         3
 Vhi's Electric Charge    Tloc/Air       0%         N/A       97%         3
 Animate Armour           Summ/Erth      0%         N/A       100%        4
 Iskenderun's Mystic Bla  Conj/Tloc      0%         2d3       100%        4
 Olgreb's Toxic Radiance  Pois           0%         N/A       100%        4
 Summon Lightning Spire   Summ/Air       0%         N/A       100%        4
 Blade Hands              Tmut           0%         N/A       100%        5
 Freezing Cloud           Conj/Ice/Air   0%         6-21      100%        5
 Silence                  Hex/Air        0%         N/A       100%        5
 Iron Shot                Conj/Erth      0%         9d1       100%        6
 Starburst                Conj/Fire      0%         6d3       100%        6
 Enfeeble                 Hex            0%         N/A       100%        7
 Ozocubu's Refrigeration  Ice            0%         4d7       100%        7
 Storm Form               Tmut/Air       0%         N/A       100%        7
 Discord                  Hex            0%         N/A       100%        8
 Ignition                 Fire           0%         3d3       100%        8
 Maxwell's Capacitive Co  Air            0%         ∞         100%        8

Inventory:

Hand Weapons
 B - a +7 dagger of flaming (weapon)
Missiles
 d - 46 poisoned darts (quivered)
 e - 8 curare-tipped darts {=f}
 H - a throwing net {=f}
 P - 6 atropa-tipped darts
Armour
 y - a +0 pair of boots of flying (worn)
 A - the +2 hood of the Assassin (worn) {Detect Stab+ Stlth++}
   (You bought it in a shop on level 2 of the Orcish Mines)

   Detect:    It allows the wearer to sense nearby creatures.
   Stab+:     It allows the wearer to make particularly effective stabbing
   attacks against helpless or unaware enemies with any weapon.
   Stlth:     It makes you much more stealthy.
 C - a +1 cloak of preservation (worn)
 F - the +3 pair of boots of Rudov {rF+ Will+}
   (You found it in a Gauntlet)

   rF:        It protects you from fire.
   Will:      It increases your willpower.
 I - the +4 pair of gloves of Hedge Wizardry (worn) {-Cast rElec rPois rC+}
   (You found it in a Gauntlet)

   rC:        It protects you from cold.
   rElec:     It insulates you from electricity.
   rPois:     It protects you from poison.
   -Cast:     It prevents spellcasting.
 T - the +3 scale mail "Huhaoxef" (worn) {rC+ Regen+ MP+9}
   (You found it on level 7 of the Dungeon)

   rC:        It protects you from cold.
   MP:        It affects your magic capacity (+9).
   Regen:     It increases your rate of health regeneration.
 V - a +3 buckler
Jewellery
 c - a ring of protection from cold
 f - a ring of fire (right hand)
 o - an amulet of magic regeneration
 D - a +6 ring of dexterity (left hand)
 M - a ring of magical power
 X - an amulet of faith (around neck) {!P}
Wands
 b - a wand of charming (20)
 j - a wand of polymorph (3)
 G - a wand of digging (2)
 L - a wand of light (13)
 O - a wand of mindburst (21)
 Y - a wand of roots (28)
Scrolls
 g - a scroll of fear
 i - a scroll of amnesia
 k - 7 scrolls of magic mapping
 m - 2 scrolls of immolation
 r - 2 scrolls of enchant armour
 u - 3 scrolls of summoning
 w - 2 scrolls of blinking
 x - 3 scrolls of vulnerability
 J - 3 scrolls of fog
 Q - 2 scrolls of poison
 S - 2 scrolls of silence {!r}
 U - 2 scrolls of teleportation {@r2}
 Z - a scroll of brand weapon
Potions
 a - 2 potions of brilliance
 h - 7 potions of curing {@q1}
 l - 2 potions of magic
 n - 2 potions of haste {@q3}
 p - a potion of invisibility
 s - a potion of resistance
 t - 3 potions of mutation
 v - 2 potions of cancellation {unknown}
 z - 3 potions of lignification
 K - a potion of degeneration
 N - 4 potions of flight
 R - a potion of ambrosia {unknown}
 W - a potion of attraction {unknown}
Miscellaneous
 q - a phial of floods
 E - a condenser vane

Dungeon Overview and Level Annotations

Branches:
Dungeon (11/15)            Temple (1/1) D:6            Lair (5/5) D:9
  Swamp (2/4) Lair:3        Snake (0/4) Lair:2        Slime (0/5) Lair:5
    Orc (2/2) D:10            Elf (0/3) Orc:2       Gauntlet (visited)

Altars:
Ashenzari
Cheibriados
Dithmenos
Elyvilon
Fedhas
Gozag
Hepliaklqana
Kikubaaqudgha
Makhleb
Nemelex Xobeh
Okawaru
Qazlal
Ru
Sif Muna
Trog
Uskayaw
Vehumet
Wu Jian
Xom
Yredelemnul
Zin
The Shining One
Jiyva

Shops:
D:3 :   Orc:2 [:*[(

Annotations:
D:6 1 runed translucent door
D:9 1 transporter
D:11 1 runed translucent door, karrick's ghost, journeyman GrFi
Lair:3 2 transporters, Koopt's ghost, journeyman GrFi

♣♣♣♣ ♣♣~.♣♣ ♣~~~.♣♣ ♣♣♣♣
♣♣.~~~.♣ ♣§~♣ ......♣♣
♣♣♣♣..♣♣ ♣♣♣ . .~...~♣
♣♣......♣♣..♣~.. ♣♣♣♣..♣
♣.?.....♣....~~§
~.....♣♣♣...♣♣.>@~~..~§~
.......~.....§.x~~§~..~~
....~~~~~~~†RRF~.~..../.
▒♣▒♣♣♣▒♣♣♣▒~i~▒♣♣▒♣▒♣▒▒▒
♣)..♣ ♣.§~~.♣
{...§~~.....
♣.♣.♣.~~§.♣.♣.♣
♣♣♣♣...♣♣ ♣


You could see a bunyip (strong), 2 eleionomae, a spriggan druid (pain bonded)
and a goliath frog (strong).


Message History

The goliath frog hits you but does no damage.
The spriggan druid misses you.
Unknown command.
Use which ability? (? or * to list)
Aiming: Grand Finale
Press: ? - help, Shift-Dir - straight line, f - spriggan druid
Aim: a spriggan druid, wielding a +0 quarterstaff and wearing a +0 robe (wisps of flame, lightly wounded, sharing its pain)
The spriggan druid explodes violently!
With its final breath, the spriggan druid offers up its power to the beasts of the wild!
The goliath frog is healed.
The bunyip seems to grow more fierce.
The goliath frog seems to grow more fierce.
You blow up the spriggan druid!
You can no longer merge with and destroy a victim.
The eleionoma hits you!
* * * LOW HITPOINT WARNING * * *
The eleionoma hurls a spray of splinters at you.
The spray of wooden splinters hits you but does no damage.
The spriggan druid calls out to the beasts of the wild!
Your Invocations skill increases to level 14!
Unknown command.
Blink to where?
Press: ? - help, Dir - move target
Found a wand of charming (3).
As you read the scroll of blinking, it crumbles to dust.
Unknown command.
The goliath frog is no longer sharing its pain.
The bunyip closely misses you. The bunyip claws you!!
* * * LOW HITPOINT WARNING * * *
The bunyip claws you!!
You die...

Skill      XL: |  1  2  3  4  5  6  7  8  9 10 11 12 13 14 15 |
---------------+----------------------------------------------+-----
Short Blades   | 2 3 4 5 6 8 10 | 10.0
Stealth        | 5 8 9 12 | 12.0
Fighting       | 5 8 10 | 10.0
Armour         | 6 10 11 | 11.0
Invocations    | 6 8 14 | 14.0
Dodging        | 4 7 10 11 | 11.0
Evocations     | 2 |  2.0
Shields        | 2 5 |  5.0
Throwing       | |  1.7

Action                     |  1- 3 |  4- 6 |  7- 9 | 10-12 | 13-15 || total
---------------------------+-------+-------+-------+-------+-------++-------
  Melee: Dagger            |    66 |   181 |   331 |   576 |  1286 ||  2440
         Bite              |    14 |    47 |   100 |   220 |   538 ||   919
         Punch             |       |     2 |     6 |    10 |    28 ||    46
  Throw: Dart              |       |       |     5 |     9 |    13 ||    27
 Invoke: Line Pass         |       |       |       |     4 |     3 ||     7
         Grand Finale      |       |       |       |     1 |    11 ||    12
         Stomp             |       |       |       |       |     4 ||     4
  Evoke: Wand              |       |       |     2 |     2 |       ||     4
    Use: Scroll            |       |       |       |    14 |    10 ||    24
         Potion            |       |       |       |     1 |     6 ||     7
   Stab: Sleeping          |     6 |    11 |    16 |     6 |    19 ||    58
         Invisible         |       |       |     1 |     1 |       ||     2
         Distracted        |       |       |     1 |     3 |     3 ||     7
         Paralysed         |       |       |       |    21 |    90 ||   111
         Confused          |       |       |       |     3 |     1 ||     4
 Armour: Robe              |    17 |    30 |    17 |       |       ||    64
         Scale mail        |       |       |    94 |   236 |   468 ||   798
  Dodge: Dodged            |    32 |    75 |   130 |   259 |   780 ||  1276

Levels and vault maps discovered:
D:1:      spicycebolla_arrival_xxxplode, layout_rooms
D:2:      layout_basic, uniq_jessica
D:3:      layout_rooms, demons_altar, mainiacjoe_overflow_alcove_1,
          ebering_ecumenical_altar_petrified, roderic_batcave,
          nicolae_shop_vocational
D:4:      layout_loops_ring, fedhas_altar_3, lemuel_crystal_altar
D:5:      layout_basic, lemuel_coloured_pillars_altar, uniq_sigmund
D:6:      layout_basic, tgw_kikubaaqudgha, old_standard_altar,
          minmay_temple_entry_proselytizer, lightli_church_of_beogh,
          uniq_blork_the_orc
D:7:      layout_loops_cross, kennysheep_mini
D:8:      layout_layer_cave
D:9:      layout_long_grid, mainiacjoe_overflow_cross_hatched,
          mainiacjoe_overflow_concentric_impassable, dpeg_lair_monsters,
          grunt_decor_fettered, nicolae_diode_basic
D:10:     layout_layer_cave, nemelex_xobeh_ov_fountains_minmay,
          old_standard_altar, minmay_orc_entry_guard_dogs
D:11:     layout_irregular_city, ebering_ghost_reflecting_pool
Temple:   hellmonk_temple_micro_hex
Lair:1:   dreamdust_cave_troll, layout_cave_pods, uniq_harold, uniq_gastronok
Lair:2:   layout_misc_corridors, minmay_snake_entry_six_corridors, st_stairs_8
Lair:3:   layout_loops_ring, minmay_swamp_entry_worms, gauntlet_entry_generic,
          nzn_ghost_randoct, chequers_serial_rivers_large_b, uniq_kirke,
          uniq_urug
Lair:4:   layout_cave_pods
Lair:5:   minmay_lair_end_enchanted_forest, layout_gridlike,
          minmay_slime_entry_pillars
Swamp:1:  nicolae_swamp_ascending_descending_big, layout_falls_marsh,
          nicolae_swamp_fairy_circle, uniq_mlioglotl
Swamp:2:  nzn_winding_woodlands_medium [nzn_winding_woodlands_5x5_cross,
          nzn_winding_woodlands_5x15_pool,
          nzn_winding_woodlands_5x5_closed_star,
          nzn_winding_woodlands_5x5_open_star,
          nzn_winding_woodlands_center_garden,
          nzn_winding_woodlands_5x5_perimeter,
          nzn_winding_woodlands_5x5_checkerboard,
          nzn_winding_woodlands_5x15_concentric,
          nzn_winding_woodlands_5x5_default], layout_basic_swamp,
          nicolae_swamp_bean_lake
Orc:1:    layout_caves
Orc:2:    st_orc_congregation, layout_diamond_mine, serial_shops,
          nicolae_shop_waterfront, uniq_maurice

Notes
Turn   | Place    | Note
-------+----------+-------------------------------------------
     0 | D:1      | Jackthecabe the Vine Stalker Brigand began the quest for
                  | the Orb.
     0 | D:1      | Reached XP level 1. HP: 11/11 MP: 2/2
    96 | D:1      | Reached skill level 2 in Short Blades
   227 | D:1      | Reached XP level 2. HP: 15/15 MP: 3/3
   556 | D:2      | Reached skill level 3 in Short Blades
   598 | D:2      | Reached XP level 3. HP: 16/18 MP: 4/4
   649 | D:2      | Noticed Jessica
   676 | D:2      | Killed Jessica
   677 | D:2      | Gained mutation: Your natural rate of healing is unusually
                  | fast. [Vine Stalker growth]
   677 | D:2      | Reached XP level 4. HP: 23/23 MP: 5/5
   863 | D:2      | Reached skill level 4 in Short Blades
  1250 | D:3      | Reached XP level 5. HP: 25/26 MP: 6/6
  1254 | D:3      | Reached skill level 5 in Short Blades
  1321 | D:3      | Found a faded altar of an unknown god.
  1342 | D:3      | Found a burning altar of Makhleb.
  1361 | D:3      | Reached XP level 6. HP: 26/30 MP: 7/7
  1506 | D:3      | Found Reug's Vocational Training.
  1543 | D:3      | Found a bloodstained altar of Trog.
  1549 | D:3      | Reached skill level 6 in Short Blades
  1794 | D:4      | Found a radiant altar of Vehumet.
  1899 | D:4      | Found a blossoming altar of Fedhas.
  1976 | D:4      | Reached XP level 7. HP: 29/34 MP: 8/8
  2036 | D:4      | Reached skill level 7 in Short Blades
  2576 | D:5      | Entered Level 5 of the Dungeon
  2597 | D:5      | Noticed Sigmund
  2624 | D:5      | Reached skill level 8 in Short Blades
  2624 | D:5      | Reached skill level 5 in Stealth
  2666 | D:5      | Gained mutation: You have razor-sharp teeth. [Vine Stalker
                  | growth]
  2666 | D:5      | Reached XP level 8. HP: 38/38 MP: 9/9
  2752 | D:5      | Reached skill level 6 in Stealth
  2853 | D:5      | Reached skill level 7 in Stealth
  2889 | D:5      | Found a shadowy altar of Dithmenos.
  2994 | D:5      | Killed Sigmund
  2995 | D:5      | Reached skill level 8 in Stealth
  2995 | D:5      | Reached skill level 2 in Fighting
  3065 | D:5      | Reached skill level 3 in Fighting
  3212 | D:6      | Found a shimmering altar of Xom.
  3340 | D:6      | Found a staircase to the Ecumenical Temple.
  3356 | Temple   | Entered the Ecumenical Temple
  3507 | D:6      | Reached skill level 4 in Fighting
  3515 | D:6      | Found an ancient bone altar of Kikubaaqudgha.
  3581 | D:6      | Reached skill level 5 in Fighting
  3581 | D:6      | Reached XP level 9. HP: 24/47 MP: 10/10
  3626 | D:6      | Reached skill level 1 in Armour
  3626 | D:6      | Noticed Blork the orc
  3630 | D:6      | Killed Blork the orc
  3631 | D:6      | Reached skill level 2 in Armour
  3901 | D:6      | Found a runed translucent door.
  4250 | D:7      | Reached skill level 3 in Armour
  4267 | D:7      | Identified the +3 scale mail "Huhaoxef" {rC+ Regen+ MP+9}
  4360 | D:7      | Found an ornate altar of the Wu Jian Council.
  4403 | D:7      | Reached skill level 4 in Armour
  4442 | D:7      | Reached skill level 5 in Armour
  5116 | D:8      | Reached skill level 6 in Armour
  5250 | D:8      | Reached XP level 10. HP: 49/51 MP: 11/11
  5440 | D:8      | Reached skill level 7 in Armour
  5824 | D:8      | Killed an unseen horror
  6188 | D:9      | Noticed a death yak
  6189 | D:9      | Noticed a death yak
  6189 | D:9      | Noticed a death yak
  6257 | D:9      | Noticed a kobold demonologist
  6271 | D:9      | Found a staircase to the Lair.
  6277 | D:9      | Killed a kobold demonologist
  6278 | D:9      | Reached skill level 8 in Armour
  6278 | D:9      | Noticed a death yak
  6329 | D:9      | Found a transporter.
  6377 | D:9      | Found a hide-covered altar of Uskayaw.
  6386 | D:9      | Paralysed by a hornet for 1 turns
  6414 | D:9      | Became a worshipper of Uskayaw the Reveller
  6461 | D:9      | Noticed a death yak
  6499 | D:9      | Reached * piety under Uskayaw
  6505 | D:9      | Reached ** piety under Uskayaw
  6513 | D:9      | Reached *** piety under Uskayaw
  6514 | D:9      | Killed a death yak
  6518 | D:9      | Reached **** piety under Uskayaw
  6521 | D:9      | Killed a death yak
  6521 | D:9      | Killed a death yak
  6522 | D:9      | Reached skill level 9 in Armour
  6526 | D:9      | Killed a death yak
  6527 | D:9      | Reached skill level 10 in Armour
  6527 | D:9      | Reached XP level 11. HP: 52/55 MP: 12/12
  6534 | D:9      | Reached ***** piety under Uskayaw
  6536 | D:9      | Killed a death yak
  6798 | D:9      | Found a white marble altar of Elyvilon.
  7326 | D:10     | Entered Level 10 of the Dungeon
  7362 | D:10     | Found a sparkling altar of Nemelex Xobeh.
  7433 | D:9      | Reached skill level 11 in Armour
  7451 | D:10     | Reached skill level 1 in Invocations
  7519 | D:10     | Reached skill level 2 in Invocations
  7608 | D:10     | Found a stormy altar of Qazlal.
  7614 | D:10     | Found a staircase to the Orcish Mines.
  7627 | D:10     | Reached skill level 3 in Invocations
  8262 | D:11     | Noticed a boulder beetle
  8275 | D:11     | Killed a boulder beetle
  8276 | D:11     | Reached skill level 4 in Invocations
  8343 | D:11     | Noticed a cyclops
  8366 | D:11     | Killed a cyclops
  8367 | D:11     | Reached skill level 5 in Invocations
  8680 | D:11     | Reached skill level 6 in Invocations
  8680 | D:11     | Reached skill level 1 in Dodging
  8779 | D:11     | Found a runed translucent door.
  8800 | D:11     | Noticed karrick's ghost (journeyman GrFi)
  8977 | D:11     | Noticed a two-headed ogre
  8982 | D:11     | Killed a two-headed ogre
  8983 | D:11     | Reached skill level 2 in Dodging
  9074 | Lair:1   | Entered Level 1 of the Lair of Beasts
  9217 | Lair:1   | Reached skill level 3 in Dodging
  9237 | Lair:1   | Noticed Gastronok
  9277 | Lair:1   | Killed Gastronok
  9278 | Lair:1   | Reached skill level 4 in Dodging
  9278 | Lair:1   | Reached XP level 12. HP: 56/60 MP: 17/17
  9334 | Lair:1   | Noticed Harold
  9387 | Lair:1   | Reached skill level 5 in Dodging
  9918 | Lair:1   | Reached skill level 6 in Dodging
  9948 | Lair:1   | Killed Harold
 10211 | Lair:2   | Reached skill level 7 in Dodging
 10254 | Lair:2   | Reached ****** piety under Uskayaw
 10260 | Lair:2   | Reached skill level 6 in Fighting
 10346 | Lair:2   | Reached skill level 7 in Fighting
 10441 | Lair:2   | Found a staircase to the Snake Pit.
 10686 | Lair:2   | Reached skill level 8 in Fighting
 10713 | Lair:2   | Reached skill level 1 in Evocations
 10908 | Lair:3   | Reached skill level 2 in Evocations
 10915 | Lair:3   | Reached skill level 9 in Stealth
 10972 | Lair:3   | Reached XP level 13. HP: 65/68 MP: 18/18
 11019 | Lair:3   | Noticed Urug
 11042 | Lair:3   | Killed Urug
 11043 | Lair:3   | Reached skill level 10 in Stealth
 11129 | Lair:3   | Found a transporter.
 11139 | Lair:3   | Found a transporter.
 11140 | Lair:3   | Found a gate leading to a gauntlet.
 11140 | Lair:3   | Noticed Koopt's ghost (journeyman GrFi)
 11167 | Lair:3   | Reached skill level 11 in Stealth
 11194 | Gauntlet | Entered a Gauntlet
 11194 | Gauntlet | Found a transporter.
 11203 | Gauntlet | Found a transporter.
 11214 | Gauntlet | Found a transporter.
 11217 | Gauntlet | Found a transporter.
 11226 | Gauntlet | Found a transporter.
 11228 | Gauntlet | a shapeshifter changed into an entropy weaver
 11228 | Gauntlet | Noticed an entropy weaver (shapeshifter)
 11241 | Gauntlet | Found a runed translucent door.
 11241 | Gauntlet | an entropy weaver changed into a harpy
 11245 | Gauntlet | Found a transporter.
 11255 | Gauntlet | Found a transporter.
 11266 | Gauntlet | Found a transporter.
 11277 | Gauntlet | Found a transporter.
 11291 | Gauntlet | Found a transporter.
 11302 | Gauntlet | Found a transporter.
 11303 | Gauntlet | Found a transporter.
 11305 | Gauntlet | Found a transporter.
 11350 | Gauntlet | Found a transporter.
 11521 | Gauntlet | Reached skill level 12 in Stealth
 11531 | Gauntlet | Identified the +3 pair of boots of Rudov {rF+ Will+}
 11558 | Gauntlet | Noticed a minotaur
 11606 | Gauntlet | Killed a minotaur
 11726 | Gauntlet | Got the Handbook of Transposition
 11728 | Gauntlet | Identified the +4 pair of gloves of Hedge Wizardry {-Cast
                  | rElec rPois rC+}
 11731 | Gauntlet | Identified the +2 robe of Hahud {Will+ Int-5 SInv}
 11733 | Gauntlet | Identified the +3 hat of Autumn {Int+2}
 11734 | Gauntlet | Got the Grimoire of Vapour
 11792 | Lair:3   | Noticed Kirke
 11809 | Lair:3   | Killed Kirke
 11810 | Lair:3   | Reached skill level 9 in Fighting
 11874 | Lair:3   | Found a staircase to the Swamp.
 11904 | Lair:3   | Identified the +7 longbow "Weiczeisi" {freeze, rCorr Int+5}
 12334 | Lair:4   | You fall into a shaft and drop 1 floor!
 12334 | Lair:5   | Entered Level 5 of the Lair of Beasts
 12381 | Lair:5   | Reached skill level 10 in Fighting
 12695 | Lair:4   | Reached skill level 7 in Invocations
 12703 | Lair:4   | Reached skill level 8 in Invocations
 12897 | Lair:4   | Reached XP level 14. HP: 77/77 MP: 21/21
 13138 | Lair:4   | Reached skill level 9 in Short Blades
 13506 | Lair:5   | Reached skill level 10 in Short Blades
 13528 | Lair:5   | Found a viscous altar of Jiyva.
 13533 | Lair:5   | Found a staircase to the Slime Pits.
 13735 | Lair:5   | Reached skill level 8 in Dodging
 14086 | Lair:5   | Reached skill level 9 in Dodging
 14361 | Lair:5   | Got Sif Muna's Handbook of Curses
 14677 | Lair:5   | Identified 2 potions of resistance
 14939 | Orc:1    | Entered Level 1 of the Orcish Mines
 15235 | Orc:2    | Entered Level 2 of the Orcish Mines
 15235 | Orc:2    | Found a staircase to the Elven Halls.
 15241 | Orc:2    | Noticed Maurice
 15373 | Orc:2    | Reached skill level 10 in Dodging
 15385 | Orc:2    | Killed Maurice
 15744 | Orc:2    | Found Voyskaox's Armour Shoppe.
 16094 | Orc:2    | Reached skill level 1 in Shields
 16099 | Orc:2    | Noticed an orc warlord
 16285 | Orc:2    | Reached skill level 2 in Shields
 16285 | Orc:2    | Reached XP level 15. HP: 80/80 MP: 22/22
 16301 | Orc:2    | Killed an orc warlord
 16370 | Orc:2    | Identified a +2 robe of resistance
 16372 | Orc:2    | Reached skill level 11 in Dodging
 16372 | Orc:2    | Reached skill level 3 in Shields
 16446 | Orc:2    | Noticed an orc warlord
 16461 | Orc:2    | Killed an orc warlord
 16462 | Orc:2    | Reached skill level 4 in Shields
 16583 | Orc:2    | Found Jirul's Antique Armour Boutique.
 16584 | Orc:2    | Found Uniecis's Antique Weapon Boutique.
 16594 | Orc:2    | Found Ykepint's General Store.
 16594 | Orc:2    | Found Riskat's Book Shop.
 16750 | Orc:2    | Bought the +2 hood of the Assassin {Detect Stab+ Stlth++}
                  | for 840 gold pieces
 16750 | Orc:2    | Found the +2 hood of the Assassin {Detect Stab+ Stlth++}
 16768 | Orc:2    | Bought a +1 cloak of preservation for 231 gold pieces
 17128 | D:3      | Bought a manual of Invocations for 1040 gold pieces
 17478 | Swamp:1  | Entered Level 1 of the Swamp
 17528 | Swamp:1  | Reached skill level 5 in Shields
 17548 | Swamp:1  | Noticed Mlioglotl
 17576 | Swamp:1  | Killed Mlioglotl
 17577 | Swamp:1  | Reached skill level 9 in Invocations
 17614 | Swamp:1  | Identified the +1 trident of Conscience {freeze, rN++
                  | Int-4}
 17807 | Swamp:1  | Noticed a ghoul
 17815 | Swamp:1  | Reached skill level 10 in Invocations
 17821 | Swamp:1  | Killed a ghoul
 17827 | Swamp:1  | Reached skill level 11 in Invocations
 18258 | Swamp:2  | Reached skill level 12 in Invocations
 18429 | Swamp:2  | Reached skill level 13 in Invocations
 18544 | Swamp:2  | Reached skill level 14 in Invocations
 18545 | Swamp:2  | HP: 1/80 [bunyip[a spriggan druid] (22)]
 18545 | Swamp:2  | Annihilated by a bunyip

Vanquished Creatures
  Mlioglotl (Swamp:1)
  Gastronok (Lair:1)
  Kirke (Lair:3)
  2 orc warlords (Orc:2)
  A ghoul (Swamp:1)
  3 eleionomae
  2 bunyips
  A minotaur (Gauntlet)
  An ettin (Orc:1)
  Harold (Lair:1)
  A shambling mangrove (Swamp:2)
  2 hydras (Lair:5)
  A catoblepas (Lair:5)
  A boulder beetle (D:11)
  2 two-headed ogres
  11 death yaks
  11 alligators
  3 orc high priests (Orc:2)
  Urug (Lair:3)
  A goliath frog (Swamp:1)
  A deep troll (Lair:1)
  2 swamp dragons
  A spriggan druid (Swamp:2)
  4 orc knights (Orc:2)
  A bog body (Swamp:1)
  2 large abominations (Gauntlet)
  A lindwurm (Lair:3)
  4 orc sorcerers (Orc:2)
  2 will-o-the-wisps
  A cyclops (D:11)
  Maurice (Orc:2)
  13 elephants
  9 black mambas
  An apocalypse crab (Gauntlet)
  2 unseen horrors
  12 cane toads
  5 komodo dragons
  2 kobold demonologists
  A rime drake (Lair:1)
  7 trolls
  A bloated husk (Swamp:1)
  7 hornets
  A tyrant leech (Swamp:1)
  5 polar bears
  8 dream sheep
  3 blink frogs (Lair:2)
  2 slime creatures (Lair:5)
  14 spriggans
  Sigmund (D:5)
  6 wyverns
  9 small abominations (Gauntlet)
  22 yaks
  2 basilisks
  A steam dragon (Lair:3)
  5 hogs (Lair:3)
  7 swamp worms
  8 wargs
  An acid dragon (D:10)
  18 water moccasins
  32 orc warriors
  An ice beast (D:5)
  4 black bears
  A swamp drake (Swamp:1)
  7 ogres
  3 boggarts (Lair:5)
  37 wolves
  Blork the orc (D:6)
  3 kobold brigands
  9 bullfrogs
  3 necrophages
  9 scorpions
  2 gnoll sergeants (D:8)
  5 wights (D:8)
  10 killer bees
  10 howler monkeys
  3 vampire bats (D:3)
  2 jellies (Lair:5)
  A gnoll bouda (D:10)
  2 hounds (D:5)
  3 iron imps (D:3)
  19 orc priests
  Jessica (D:2)
  2 iguanas
  28 orc wizards
  13 gnolls
  6 adders
  2 shadow imps
  2 white imps
  2 worms (D:2)
  2 dart slugs
  65 orcs
  3 endoplasms
  3 giant cockroaches
  9 goblins
  8 hobgoblins
  12 jackals
  22 kobolds
  3 quokkas
  7 ball pythons
  12 bats
  4 rats
614 creatures vanquished.

Vanquished Creatures (others)
  3 bloated husks (Swamp:2)
  A hornet (Swamp:2)
  2 humans
  An orc wizard (Orc:2)
  An orc (Orc:2)
  12 foxfires
  25 fungi
  37 plants
82 creatures vanquished.

Grand Total: 696 creatures vanquished

Table legend: (Time is in decaauts)
 A = Elapsed time spent in this place.
 B = Non-inter-level travel time spent in this place.
 C = Inter-level travel time spent in this place.
 D = Time resting spent in this place.
 E = Time spent auto-exploring this place.
 F = Levels seen in this place.
 G = Mean time per level.
                   A        B        C        D        E       F      G
               +--------+--------+--------+--------+--------+-----+--------+
         Total |  18046 |  16535 |   1511 |    449 |  11944 |  22 |  820.3 |
       Dungeon |   9261 |   8381 |    880 |     95 |   6432 |  11 |  841.9 |
        Temple |      1 |      1 |      0 |      0 |      0 |   1 |    1.0 |
          Lair |   5357 |   4924 |    433 |     34 |   3605 |   5 | 1071.4 |
         Swamp |   1015 |    993 |     22 |     45 |    750 |   2 |  507.5 |
  Orcish Mines |   1856 |   1681 |    175 |    218 |    875 |   2 |  928.0 |
      Gauntlet |    553 |    553 |      0 |     56 |    281 |   1 |  553.0 |
               +--------+--------+--------+--------+--------+-----+--------+

Top non-repeatable levels by time:
  Lair:5: 1521 daAuts
   Orc:2: 1247 daAuts
     D:8: 1166 daAuts
     D:9: 1127 daAuts
  Lair:1: 1120 daAuts
     D:6: 1038 daAuts
     D:4: 980 daAuts
  Lair:4: 957 daAuts
  Lair:3: 954 daAuts
    D:10: 944 daAuts
     D:7: 849 daAuts
  Lair:2: 804 daAuts
    D:11: 773 daAuts
 Swamp:1: 745 daAuts
     D:3: 671 daAuts

Table legend:
 A = Non-vault XP
 B = Vault XP
 C = Vault XP percentage of total XP
 D = Non-vault monster count
 E = Vault monster count
 F = Vault count percentage of total count
                 A         B        C        D         E       F
            +---------+---------+-------+---------+---------+-------
      Total |   76179 |   43248 |  36.2 |     435 |     181 |  29.4
            +---------+---------+-------+---------+---------+-------
        D:1 |      19 |       0 |   0.0 |      12 |       0 |   0.0
        D:2 |      57 |      37 |  39.4 |      22 |       1 |   4.3
        D:3 |      43 |     288 |  87.0 |      19 |      12 |  38.7
        D:4 |     579 |       0 |   0.0 |      26 |       0 |   0.0
        D:5 |     626 |     214 |  25.5 |      16 |       1 |   5.9
        D:6 |     722 |     140 |  16.2 |      21 |       2 |   8.7
        D:7 |    1227 |       0 |   0.0 |      29 |       0 |   0.0
        D:8 |    1530 |       0 |   0.0 |      32 |       0 |   0.0
        D:9 |    1600 |    4211 |  72.5 |      16 |       6 |  27.3
       D:10 |    1357 |     335 |  19.8 |      12 |       2 |  14.3
       D:11 |    3171 |       0 |   0.0 |      10 |       0 |   0.0
     Lair:1 |    2692 |    3129 |  53.8 |      14 |       3 |  17.6
     Lair:2 |    4533 |    3000 |  39.8 |      19 |      12 |  38.7
     Lair:3 |    6010 |    3211 |  34.8 |      24 |       7 |  22.6
     Lair:4 |   10443 |       0 |   0.0 |      34 |       0 |   0.0
     Lair:5 |   13159 |    9456 |  41.8 |      33 |      49 |  59.8
    Swamp:1 |   11694 |    1794 |  13.3 |      21 |       1 |   4.5
    Swamp:2 |    8507 |    2870 |  25.2 |      14 |       4 |  22.2
      Orc:1 |    3404 |       0 |   0.0 |      31 |       0 |   0.0
      Orc:2 |    4806 |   11065 |  69.7 |      30 |      68 |  69.4
   Gauntlet |       0 |    3498 | 100.0 |       0 |      13 | 100.0
            +---------+---------+-------+---------+---------+-------
